AoeStats
← 牛牛牛

Black Forest

504274389Analyzed
2v2 RM · 26d ago on Sep 4, 2026· 54m 27s· 4 players
Game mode
Random Map
Map size
Medium (4 player)
Population
200
Speed
Normal
Resources
Standard
Victory
Conquest
Starting age
Dark Age
Ending age
Imperial Age
RankedLock teamsTeams togetherTeam positionsShared explorationLock speedFull tech treeHidden civsTurbo modeCheats
Victory
Defeat
🇺🇸 Italians · United States
915
+12
🇺🇸 Koreans · United States
826
+15
🇹🇼 Khmer · Taiwan
842
-15
🇫🇷 Ethiopians · France
792
-12
牛牛牛
0:54 Loom
2:32 Loom
12:19 Feudal Age
21:38 Castle Age
24:23 Double-Bit Axe
24:21 Horse Collar
24:49 Scale Barding Armor
25:31 Fletching
25:53 Gold Mining
31:48 Town Watch
34:56 Imperial Age
34:20 Wheelbarrow
37:06 Double Crossbow
38:25 Elite Ballista Elephant
39:37 Chain Barding Armor
39:27 Heavy Plow
39:39 Bow Saw
40:11 Husbandry
40:22 Bloodlines
41:09 Onager
47:55 Siege Engineers
Yamza
TheBulAb69
0:26 Loom
13:34 Feudal Age
15:25 Double-Bit Axe
15:22 Horse Collar
23:09 Fletching
24:54 Wheelbarrow
26:37 Castle Age
28:31 Gold Mining
28:31 Stone Mining
30:56 Heavy Plow
31:07 Bow Saw
34:52 Imperial Age
33:17 Gold Shaft Mining
33:17 Stone Shaft Mining
34:01 Murder Holes
34:17 Masonry
33:48 Treadmill Crane
34:06 Bodkin Arrow
34:08 Man-at-Arms
35:18 Hand Cart
34:45 Man-at-Arms
35:17 Gambesons
37:39 Bracer
38:21 Architecture
38:42 Town Watch
39:20 Ballistics
40:01 Chemistry
39:56 Conscription
39:41 Crossbowman
40:26 Thumb Ring
40:44 Arbalester
41:42 Town Patrol
43:02 Arrowslits
49:04 Fervor
49:18 Siege Engineers
51:16 Two-Man Saw
50:26 Caravan
53:09 Eupseong
54:19 Spies/Treason
KripticWaffle
0:31 Loom
15:46 Feudal Age
20:02 Castle Age
19:27 Double-Bit Axe
21:35 Wheelbarrow
26:04 Bow Saw
26:52 Hand Cart
26:29 Horse Collar
27:49 Stone Mining
27:53 Gold Mining
30:19 Fletching
34:04 Imperial Age
31:35 Bodkin Arrow
31:40 Padded Archer Armor
31:51 Forging
31:46 Scale Barding Armor
32:49 Stone Shaft Mining
32:38 Ballistics
32:31 Masonry
33:37 Leather Archer Armor
34:21 Heavy Plow
35:08 Conscription
35:51 Chemistry
36:06 Silk Road
35:41 Elite Genoese Crossbowman
36:39 Thumb Ring
37:16 Architecture
38:38 Two-Man Saw
37:42 Bracer
39:23 Ring Archer Armor
39:15 Chain Barding Armor
39:30 Iron Casting
38:56 Scale Mail Armor
44:10 Blast Furnace
43:26 Chain Mail Armor
43:48 Crop Rotation
48:32 Treadmill Crane
Connection lost

Rejoining the realm…

Still unreachable

The connection could not be restored.

Session expired

The server has moved on; the page needs a fresh start.